 Dungeon Crawl Stone Soup version 0.20.1-1-g8b1a95d (webtiles) character file.

2121 Ketzopolo the Cruncher (level 9, -2/70 HPs)
             Began as a Minotaur Berserker on July 26, 2017.
             Was an Elder of Trog.
             Slain by Prince Ribbit (12 damage)
             ... on level 6 of the Dungeon.
             The game lasted 00:23:37 (4537 turns).

Ketzopolo the Cruncher (Minotaur Berserker)         Turns: 4537, Time: 00:23:37

Health: -2/70      AC:  9    Str: 24    XL:     9   Next: 8%
Magic:  8/8        EV:  9    Int:  4    God:    Trog [****..]
Gold:   59         SH:  0    Dex: 13    Spells: 8/8 levels left

rFire    . . .     SeeInvis +   m - +3 quarterstaff (chaos)
rCold    . . .     Gourm    .   (shield currently unavailable)
rNeg     + + .     Faith    .   F - +0 chain mail "Nuffisil" {rElec rN++}
rPois    .         Spirit   .   (helmet restricted)
rElec    +         Reflect  .   w - +0 cloak
rCorr    +         Harm     .   (no gloves)
MR       .....                  (no boots)
Stlth    ..........             (no amulet)
Regen    0.3/turn               G - ring of see invisible
MPRegen  0.2/turn               y - ring of resist corrosion

@: no status effects
A: retaliatory headbutt, claws 1, horns 2, strong 1
a: Berserk, Trog's Hand, Brothers in Arms, Burn Spellbooks, Renounce Religion


You were on level 6 of the Dungeon.
You worshipped Trog.
Trog was greatly pleased with you.
You were very hungry.

You visited 1 branch of the dungeon, and saw 6 of its levels.
You also visited: Sewer.

You collected 254 gold pieces.
You spent 195 gold pieces at shops.

Inventory:

Hand Weapons
 m - a +3 quarterstaff of chaos (weapon)
 C - a +0 lajatang
Armour
 b - the +1 leather armour of Supple Strength {+Fly rPois Str+2 Dex-3}
   (You found it on level 4 of the Dungeon)

   It affects your strength (+2).
   It affects your dexterity (-3).
   It protects you from poison.
   It lets you fly.
 w - a +0 cloak (worn)
 z - a +0 plate armour
 F - the +0 chain mail "Nuffisil" (worn) {rElec rN++}
   (You found it in a sewer)

   It insulates you from electricity.
   It greatly protects you from negative energy.
Jewellery
 x - a +1 ring of evasion
 y - a ring of resist corrosion (right claw)
 A - an uncursed ring of positive energy
 G - a ring of see invisible (left claw)
Wands
 E - a wand of iceblast (6/15)
Scrolls
 a - a scroll of immolation
 d - 5 scrolls of remove curse
 g - a scroll of enchant armour
 j - 2 scrolls of blinking
 k - a scroll of magic mapping {unknown}
 l - a scroll of teleportation
 o - a scroll of amnesia
 q - a scroll of recharging {unknown}
 t - 2 scrolls of fog {unknown}
 u - a scroll of noise {unknown}
 D - a scroll of identify
 J - a scroll of fear {unknown}
Potions
 e - 2 potions of heal wounds
 h - a potion of mutation
 i - 4 potions of curing
 n - a potion of agility {unknown}
 r - a potion of magic {unknown}
 s - a potion of haste {unknown}
 v - a potion of brilliance
 B - a potion of ambrosia {unknown}
 H - a potion of berserk rage {unknown}
 I - a potion of flight {unknown}
Comestibles
 c - 6 bread rations
 f - 4 royal jellies
 p - 2 meat rations


   Skills:
 - Level 3.6 Fighting
   Level 6.8(10.6) Maces & Flails
 * Level 12.6(13.2) Staves
 - Level 2.4 Armour
 - Level 2.1 Dodging


You had 8 spell levels left.
You didn't know any spells.

Dungeon Overview and Level Annotations

Branches:
Dungeon (6/15)
 Temple: D:4-7

Altars:
Dithmenos
Elyvilon
Fedhas
Makhleb
Qazlal
Trog
Uskayaw
Xom
The Shining One

Shops:
D:4 =   D:5 ?

Annotations:
D:5 scroll enchant weapon and more
D:6 Prince Ribbit


Innate Abilities, Weirdness & Mutations

You reflexively headbutt those who attack you in melee.
You have a pair of horns on your head.
You have sharp fingernails.
Your muscles are strong. (Str +2)


Message History

Trog accepts your kill.
Items here: ( )) † an uncursed hand axe; an uncursed shortbow; 22 arrows; a centaur corpse
Things that are here:
a scimitar; a plate armour; an orc corpse Prince Ribbit croaks.
Things that are here:
a mace; a chain mail You bludgeon Prince Ribbit!!
You feel better.
You headbutt Prince Ribbit, but do no damage.
Prince Ribbit is heavily wounded.
Prince Ribbit hits you!
* * * LOW HITPOINT WARNING * * *
You closely miss Prince Ribbit. You headbutt Prince Ribbit!
Prince Ribbit is severely wounded.
Prince Ribbit closely misses you.
You barely miss Prince Ribbit. Your headbutt misses Prince Ribbit.
Prince Ribbit is severely wounded.
Prince Ribbit hits you!
You die...

#.#...# ....###.#
#.#...# ....##.#
.....# #...#.##
#...# #......###
#...####
#.....(..###
#......# #...#.#
...#. #<..##.#
#.).)(#......
#...##)###..((...#
######)).@)(.#.###
#....F.......#
#...####....##.#
#.## #....# .# ...
....... . ###
###.#(##.%. #.#.#
... #.............
. ....#...... .


You could see Prince Ribbit.

Vanquished Creatures
  Pikel (D:5)
  Menkaure (D:4)
  Duvessa (D:4)
  2 orc warriors
  An ogre (D:5)
  A centaur (D:6)
  A crocodile (Sewer)
  Blork the orc (D:6)
  Dowan (D:4)
  A scorpion (D:4)
  8 wights (D:6)
  A bullfrog zombie (D:5)
  Crazy Yiuf (D:2)
  2 orc priests (D:5)
  4 orc wizards
  2 iguanas (D:4)
  2 worker ants (D:5)
  A hound skeleton (D:2)
  7 adders
  3 gnolls (D:2)
  2 river rats (D:5)
  A shadow imp (D:5)
  2 adder skeletons (D:5)
  3 worms (D:2)
  A dart slug (D:2)
  2 leopard geckos
  20 orcs
  15 giant cockroaches
  3 goblins
  5 hobgoblins
  18 jackals
  6 kobolds
  2 quokkas (D:5)
  4 ball pythons
  13 bats
  6 frilled lizards
  A jackal zombie (D:5)
  A quokka zombie (D:3)
  7 rats
154 creatures vanquished.

Vanquished Creatures (others)
  A slave (D:5)
  A hound (D:6)
  A worm (D:3)
  3 orcs (D:5)
6 creatures vanquished.

Grand Total: 160 creatures vanquished

Notes
Turn   | Place    | Note
-------+----------+-------------------------------------------
     0 | D:1      | Ketzopolo the Minotaur Berserker began the quest for the Orb.
     0 | D:1      | Reached XP level 1. HP: 19/19 MP: 0/0
   144 | D:1      | Reached XP level 2. HP: 26/26 MP: 1/1
   524 | D:2      | Reached ** piety under Trog
   524 | D:2      | Reached skill level 5 in Maces & Flails
   524 | D:2      | Reached XP level 3. HP: 24/31 MP: 2/2
   721 | D:2      | Found a glowing golden altar of the Shining One.
   933 | D:2      | Reached XP level 4. HP: 36/39 MP: 3/3
  1399 | D:2      | Found a runed door.
  1403 | D:2      | Noticed Crazy Yiuf
  1409 | D:2      | Killed Crazy Yiuf
  1751 | D:2      | Reached skill level 1 in Staves
  1751 | D:2      | Reached XP level 5. HP: 45/45 MP: 4/4
  2001 | D:3      | Reached skill level 2 in Staves
  2010 | D:3      | Reached *** piety under Trog
  2010 | D:3      | Reached skill level 3 in Staves
  2047 | D:3      | Found a shadowy altar of Dithmenos.
  2339 | D:4      | Noticed Dowan
  2340 | D:4      | Noticed Duvessa
  2347 | D:4      | Killed Duvessa
  2347 | D:4      | Reached skill level 4 in Staves
  2347 | D:4      | Reached XP level 6. HP: 49/51 MP: 5/5
  2407 | D:4      | Noticed Menkaure
  2411 | D:4      | Killed Menkaure
  2411 | D:4      | Reached skill level 5 in Staves
  2442 | D:4      | Killed Dowan
  2442 | D:4      | Reached skill level 6 in Staves
  2447 | D:4      | Reached XP level 7. HP: 43/57 MP: 6/6
  2514 | D:4      | Found Nippos's Jewellery Emporium.
  2696 | D:4      | Got a twisted leather armour
  2707 | D:4      | Identified the cursed +1 leather armour of Supple Strength {+Fly rPois Str+2 Dex-3} (You found it on level 4 of the Dungeon)
  2739 | D:4      | Reached skill level 7 in Staves
  2794 | D:4      | Found a blossoming altar of Fedhas.
  2797 | D:4      | Found a hide-covered altar of Uskayaw.
  2800 | D:4      | Found a bloodstained altar of Trog.
  2809 | D:4      | Found a stormy altar of Qazlal.
  3185 | D:5      | Entered Level 5 of the Dungeon
  3215 | D:5      | Reached skill level 8 in Staves
  3325 | D:5      | Found Uxulauss's Magic Scroll Shoppe.
  3477 | D:5      | Found a burning altar of Makhleb.
  3489 | D:5      | Found a white marble altar of Elyvilon.
  3523 | D:5      | Reached **** piety under Trog
  3574 | D:5      | Received a gift from Trog
  3630 | D:5      | Noticed Pikel
  3638 | D:5      | Killed Pikel
  3638 | D:5      | Reached skill level 10 in Staves
  3638 | D:5      | Reached XP level 8. HP: 63/64 MP: 7/7
  3657 | D:5      | Found a shimmering altar of Xom.
  3658 | D:5      | Found a shimmering altar of Xom.
  3807 | D:5      | Found a glowing drain.
  3817 | Sewer    | Entered a sewer
  3847 | Sewer    | Reached skill level 11 in Staves
  3856 | Sewer    | Got a distressingly furry chain mail
  3959 | D:5      | Identified the cursed +0 chain mail "Nuffisil" {rElec rN++} (You found it in a sewer)
  3963 | D:5      | Gained mutation: Your muscles are strong. (Str +2) [potion of mutation]
  3963 | D:5      | Gained mutation: You have sharp fingernails. [potion of mutation]
  4156 | D:5      | Found a shimmering altar of Xom.
  4165 | D:5      | Found a shimmering altar of Xom.
  4315 | D:4      | Bought an uncursed ring of see invisible for 195 gold pieces
  4377 | D:6      | Noticed Prince Ribbit
  4458 | D:6      | Noticed Blork the orc
  4469 | D:6      | Killed Blork the orc
  4469 | D:6      | Reached skill level 12 in Staves
  4498 | D:6      | Reached XP level 9. HP: 41/70 MP: 8/8
  4537 | D:6      | Slain by Prince Ribbit

Skill      XL: |  1  2  3  4  5  6  7  8 |
---------------+-------------------------+-----
Maces & Flails | 4 5 6 |  6.8
Staves         | 1 4 6 10 12 | 12.6
Fighting       | |  3.6
Armour         | |  2.4
Dodging        | |  2.1

Action                   |  1- 3 |  4- 6 |  7- 9 || total
-------------------------+-------+-------+-------++-------
Melee: Mace              |    61 |     9 |       ||    70
       Headbutt          |     8 |    21 |    31 ||    60
       Flail             |       |    10 |       ||    10
       Quarterstaff      |       |    55 |   179 ||   234
Invok: Trog's Hand       |       |     2 |       ||     2
       Burn Spellbooks   |       |       |     1 ||     1
  Use: Scroll            |       |     8 |     3 ||    11
       Potion            |       |     2 |     2 ||     4
 Stab: Petrifying        |       |       |     1 ||     1
  Eat: Chunk             |       |     4 |     7 ||    11
Armor: Leather armour    |    15 |       |    26 ||    41
       Chain mail        |       |    41 |    15 ||    56
Dodge: Dodged            |    57 |    31 |    85 ||   173
